 Dungeon Crawl Stone Soup version 0.29.0-4-gdea44cf6ec (webtiles) character file.

Game seed: 17663683776794437611

166 qw the Chopper (level 5, -6/45 HPs)
             Began as a Minotaur Berserker on Sept 8, 2022.
             Was a Believer of Trog.
             Mangled by Terence
             ... wielding a +0 trident
              (10 damage)
             ... on level 2 of the Dungeon.
             The game lasted 00:00:48 (2461 turns).

qw the Chopper (Minotaur Berserker)                 Turns: 2461, Time: 00:00:48

Health: -6/45      AC:  6    Str: 23    XL:     5   Next: 22%
Magic:  4/4        EV: 10    Int:  4    God:    Trog [**....]
Gold:   219        SH:  4    Dex: 10    Spells: 4/4 levels left

rFire   . . .      SeeInvis .   Y - +0 hand axe
rCold   . . .      Faith    .   j - +0 buckler
rNeg    . . .      Spirit   .   g - +0 scale mail
rPois   .          Reflect  .   (helmet restricted)
rElec   .          Harm     .   (no cloak)
rCorr   .          Rampage  .   (no gloves)
Will    .....                   (no boots)
Stlth   ..........              (no amulet)
HPRegen 0.15/turn               (no ring)
MPRegen 0.09/turn               (no ring)

@: no status effects
A: horns 2, retaliatory headbutt
a: Renounce Religion, Berserk, Trog's Hand


You were on level 2 of the Dungeon.
You worshipped Trog.
Trog was pleased with you.
You visited 1 branch of the dungeon, and saw 2 of its levels.

You collected 219 gold pieces.


Innate Abilities, Weirdness & Mutations

You have a pair of horns on your head.
You reflexively headbutt those who attack you in melee.


   Skills:
 - Level 3.6 Fighting
 + Level 6.7 Axes
 - Level 2.4 Armour
 - Level 2.1 Dodging
 - Level 2.2 Shields


You had 4 spell levels left.
You didn't know any spells.
Your spell library was empty.

Inventory:

Hand Weapons
 d - a +0 morningstar
 Y - a +0 hand axe (weapon)
Armour
 b - a +0 pair of gloves
 g - a +0 scale mail (worn)
 j - a +0 buckler (worn)
Jewellery
 h - an amulet of magic regeneration
 o - a +6 ring of strength
Scrolls
 a - 2 scrolls of identify
 e - a scroll of fear {unknown}
 f - 4 scrolls of teleportation {unknown}
 l - a scroll of brand weapon {unknown}
 m - a scroll of vulnerability {unknown}
Potions
 c - a potion of brilliance {unknown}
 i - a potion of heal wounds {unknown}
 k - 3 potions of curing {unknown}
 n - a potion of mutation {unknown}
 p - 2 potions of attraction {unknown}

Dungeon Overview and Level Annotations

Branches:
Dungeon (2/15)

Altars:

Annotations:
D:2 Terence


Message History

There is a stone staircase leading down here.
There is a stone staircase leading down here.
Terence the Incautious comes into view.
He is wielding a +0 trident and carrying a wand of flame (13).
Terence shouts!
Terence drinks a potion.
Terence flickers and vanishes!
Deactivating autopickup; reactivate with Ctrl-A.
Enter note:
Enter note: You swing at nothing.
You swing at nothing.
You swing at nothing.
You swing at nothing.
You swing at nothing.
You hear a zap.
A puff of flame appears from out of thin air!
The puff of flame hits you!
You swing at nothing.
You hear a zap.
A puff of flame appears from out of thin air!
The puff of flame hits you.
You swing at nothing.
You hear a zap.
A puff of flame appears from out of thin air!
The puff of flame hits you!
You swing at nothing.
You swing at nothing.
Something hits you.
You swing at nothing.
You hear a zap.
A puff of flame appears from out of thin air!
The puff of flame hits you!
You swing at nothing.
Something hits you.
You swing at nothing.
Something hits you but does no damage.
You swing at nothing.
Something hits you but does no damage.
You swing at nothing.
Something hits you!
You die...

############## ####.# ....####
....... ..... .... #{.#
.######..# #......@.#
#.......## #.......##### ..
..#......^..# ####.###
#.........# #.......
#.........# #.#'#....#
#.........#########
#......#'#+#.........>........
......................########


There were no monsters in sight!

Vanquished Creatures
  Jessica (D:2)
  Natasha (thrice) (D:2)
  Robin (D:2)
  2 dart slugs
  7 ball pythons
  4 bats
  3 endoplasms
  A giant cockroach (D:1)
  12 goblins
  6 hobgoblins
  2 jackals (D:1)
  2 kobolds
  A quokka (D:1)
  A frilled lizard (D:2)
  4 rats
50 creatures vanquished.

Notes
Turn   | Place    | Note
-------+----------+-------------------------------------------
     0 | D:1      | qw the Minotaur Berserker began the quest for the Orb.
     0 | D:1      | Reached XP level 1. HP: 19/19 MP: 0/0
     0 | D:1      | 0 ||| qw: Version: 0.1-a-112-g44dc6cd
     0 | D:1      | 0 ||| qw: Game counter: 6777
     0 | D:1      | 0 ||| qw: Always use a shield: true
     0 | D:1      | 0 ||| qw: Do Orc after D:15 true
     0 | D:1      | 0 ||| qw: Do second Lair branch before Depths: true
     0 | D:1      | 0 ||| qw: Lair rune preference: random
     0 | D:1      | 0 ||| qw: Plans: Normal
     0 | D:1      | 0 ||| PLANNING D:1-11
   109 | D:1      | Reached skill level 4 in Axes
   203 | D:1      | 203 ||| INVOKING Berserk.
   204 | D:1      | Reached XP level 2. HP: 17/26 MP: 1/1
   764 | D:1      | 764 ||| Stepping ~*~*~tactically~*~*~ (stealth).
   767 | D:1      | 767 ||| Stepping ~*~*~tactically~*~*~ (stealth).
   790 | D:1      | Reached skill level 5 in Axes
   890 | D:1      | Reached XP level 3. HP: 31/31 MP: 2/2
  1008 | D:1      | 1008 ||| UPGRADING to +0 leather armour.
  1018 | D:1      | 1018 ||| DROPPING +0 animal skin.
  1019 | D:1      | 1019 ||| UPGRADING to +0 scale mail.
  1029 | D:1      | 1029 ||| DROPPING +0 leather armour.
  1030 | D:1      | 1030 ||| UPGRADING to +0 buckler.
  1035 | D:1      | 1035 ||| READING 2 scrolls labelled TOBODD EGINOSCH.
  1036 | D:1      | 1036 ||| READING scroll labelled AXTYF ZOPUG.
  1037 | D:1      | 1037 ||| READING scroll labelled SEGASKO POERCHUC.
  1201 | D:2      | 1201 ||| DROPPING +0 club.
  1230 | D:2      | Noticed Natasha
  1233 | D:2      | 1233 ||| INVOKING Berserk.
  1235 | D:2      | Killed Natasha
  1354 | D:2      | 1354 ||| Stepping ~*~*~tactically~*~*~ (stealth).
  1356 | D:2      | 1356 ||| Stepping ~*~*~tactically~*~*~ (hiding).
  1358 | D:2      | 1358 ||| Stepping ~*~*~tactically~*~*~ (hiding).
  1389 | D:2      | Noticed Jessica
  1390 | D:2      | 1390 ||| Stepping ~*~*~tactically~*~*~ (stealth).
  1445 | D:2      | 1445 ||| Stepping ~*~*~tactically~*~*~ (stealth).
  1451 | D:2      | Reached XP level 4. HP: 39/39 MP: 3/3
  1473 | D:2      | Killed Jessica
  1625 | D:2      | Reached ** piety under Trog
  1801 | D:2      | 1801 ||| Stepping ~*~*~tactically~*~*~ (stealth).
  1801 | D:2      | Noticed Natasha
  1803 | D:2      | 1803 ||| Stepping ~*~*~tactically~*~*~ (hiding).
  1805 | D:2      | 1805 ||| Stepping ~*~*~tactically~*~*~ (hiding).
  1808 | D:2      | 1808 ||| INVOKING Berserk.
  1811 | D:2      | Killed Natasha
  1812 | D:2      | Reached skill level 6 in Axes
  1873 | D:2      | 1873 ||| Stepping ~*~*~tactically~*~*~ (stealth).
  1916 | D:2      | Noticed Robin
  1917 | D:2      | 1917 ||| Stepping ~*~*~tactically~*~*~ (stealth).
  1919 | D:2      | 1919 ||| Stepping ~*~*~tactically~*~*~ (stealth).
  1920 | D:2      | 1920 ||| Stepping ~*~*~tactically~*~*~ (stealth).
  1945 | D:2      | 1945 ||| INVOKING Berserk.
  1948 | D:2      | Killed Robin
  1949 | D:2      | Reached XP level 5. HP: 45/45 MP: 4/4
  2089 | D:2      | Found a faded altar of an unknown god.
  2215 | D:2      | Noticed Natasha
  2216 | D:2      | 2216 ||| Stepping ~*~*~tactically~*~*~ (hiding).
  2218 | D:2      | 2218 ||| INVOKING Berserk.
  2223 | D:2      | Killed Natasha
  2447 | D:2      | Noticed Terence
  2457 | D:2      | HP: 9/45 [something/puff of flame (10)]
  2458 | D:2      | HP: 4/45 [something (5)]
  2461 | D:2      | Mangled by Terence

Levels and vault maps discovered:
D:1:      dpeg_arrival_snail, layout_rooms
D:2:      minmay_general_purpose_star, layout_basic,
          dreamdust_ecumenical_altar_statues, minivault_27, minmay_pentomino_x4,
          uniq_jessica, uniq_robin, uniq_terence, uniq_natasha,
          uniq_crazy_yiuf_cottage

Skill      XL: |  1  2  3  4 |
---------------+-------------+-----
Axes           | 4 5 6 |  6.7
Shields        | 2 |  2.2
Fighting       | |  3.6
Armour         | |  2.4
Dodging        | |  2.1

Action                   |  1- 3 |  4- 6 || total
-------------------------+-------+-------++-------
Melee: Hand axe          |    64 |    46 ||   110
       Headbutt          |    10 |     9 ||    19
Invok: Berserk           |     2 |     3 ||     5
  Use: Scroll            |     3 |       ||     3
Armor: Animal skin       |    10 |       ||    10
       Scale mail        |     2 |    13 ||    15
Dodge: Dodged            |    29 |    11 ||    40
Block: Buckler           |     3 |     6 ||     9

Table legend:
 A = Non-vault XP
 B = Vault XP
 C = Vault XP percentage of total XP
 D = Non-vault monster count
 E = Vault monster count
 F = Vault count percentage of total count
                 A         B        C        D         E       F
            +---------+---------+-------+---------+---------+-------
      Total |     127 |     111 |  46.6 |      35 |      15 |  30.0
            +---------+---------+-------+---------+---------+-------
        D:1 |      41 |       0 |   0.0 |      21 |       0 |   0.0
        D:2 |      86 |     111 |  56.3 |      14 |      15 |  51.7
            +---------+---------+-------+---------+---------+-------
